 Dungeon Crawl Stone Soup version 0.32-a0-612-g1c984fe9d1 (webtiles) character file.

Game seed: 14043138905310051632

63 Ruich the Firebug (level 3, -1/26 HPs)
             Began as a Demigod Fire Elementalist on Mar 5, 2024.
             Slain by a kobold brigand
             ... wielding a +0 dagger
              (4 damage)
             ... on level 2 of the Dungeon.
             The game lasted 00:07:56 (2756 turns).

Ruich the Firebug (Demigod Fire Elementalist)       Turns: 2756, Time: 00:07:56

Health: -1/26      AC:  2    Str:  9    XL:     3   Next: 63%
Magic:  0/9        EV: 12    Int: 21    God:
Gold:   120        SH:  0    Dex: 14    Spells: 1/6 levels left

rFire   . . .        k - +1 dagger (elec)
rCold   . . .        (no shield)
rNeg    . . .        a - +0 robe
rPois   .            (no helmet)
rElec   .            (no cloak)
rCorr   .            (no gloves)
SInv    .            (no boots)
Will    .....        (no amulet)
Stlth   ++           (no ring)
HPRegen 0.24/turn    (no ring)
MPRegen 0.11/turn

%: no passive effects
@: no status effects
A: high MP 1, forlorn, divine attributes
a: no special abilities


You were on level 2 of the Dungeon.
You visited 1 branch of the dungeon, and saw 3 of its levels.

You collected 120 gold pieces.


Innate Abilities, Weirdness & Mutations

You have an increased reservoir of magic. (+10% MP)
You shall have no god before yourself.
Your divine heritage dramatically boosts your attributes as you level up.


   Skills:
 - Level 1.9 Dodging
 - Level 1.9 Stealth
 + Level 2.4 Spellcasting
 + Level 1.8 Conjurations
 + Level 0.7 Translocations
 + Level 3.2 Fire Magic


You had one spell level left.
You knew the following spells:

 Your Spells              Type           Power      Damage    Failure   Level
f - Foxfire               Conj/Fire      52%        2x1d6     4%          1
s - Scorch                Fire           32%        2d6       5%          2
B - Blink                 Tloc           10%        N/A       16%         2

Your spell library contained the following spells:

 Spells                   Type           Power      Damage    Failure   Level
 Sting                    Conj/Alch      24%        1d4       10%         1
 Momentum Strike          Conj/Tloc      14%        3d8       13%         2
 Lesser Beckoning         Tloc           10%        N/A       16%         2
 Volatile Blastmotes      Fire/Tloc      20%        2d11      19%         3
 Mercury Vapours          Alch/Air       4%         N/A       22%         2
 Inner Flame              Hex/Fire       9%         N/A       22%         3
 Dazzling Flash           Conj/Hex       12%        N/A       28%         3
 Mephitic Cloud           Conj/Alch/Air  5%         N/A       32%         3
 Flame Wave               Conj/Fire      13%        2d6       45%         4
 Cause Fear               Hex            1%         N/A       80%         4
 Olgreb's Toxic Radiance  Alch           2%         N/A       80%         4
 Fireball                 Conj/Fire      6%         3d5       80%         5
 Curse of Agony           Necr           2%         N/A       98%         5
 Silence                  Hex/Air        1%         N/A       98%         5
 Plasma Beam              Fire/Air       4%         2x1d14    100%        6
 Starburst                Conj/Fire      6%         6d4       100%        6
 Dragon's Call            Summ           1%         N/A       100%        9

Inventory:

Hand Weapons
 k - a +1 dagger of electrocution (weapon)
Armour
 a - a +0 robe (worn)
Scrolls
 c - a scroll of acquirement {unknown}
 d - 2 scrolls of teleportation {unknown}
 e - a scroll of silence {unknown}
 f - 2 scrolls of fear {unknown}
 g - a scroll of revelation {unknown}
 j - a scroll of noise {unknown}
 l - a scroll of vulnerability {unknown}
 m - a scroll of blinking {unknown}
 n - a scroll of poison {unknown}
Potions
 b - a potion of magic
 i - 2 potions of enlightenment {unknown}

Dungeon Overview and Level Annotations

Branches:
Dungeon (3/15)

Shops:
D:2 !

Annotations:
D:3 3 runed translucent doors, CougarLife's ghost, amateur GrEE

##)#†#######.# #.#.# #.# ...#.#
#.# #.#.# #.# ####.# #.#
#.#.######.##### # #.# #.#
#............... # #.#### #>#
#.....##........ # #[...# #.#
##...###...##### # ##....####.#
##........#
###.......##.############...### #
...............K@...........#.###
###.......#######)#######......#.
#.#...### #.# ###.<.... #.#...#
#.# #....... #.#÷.## #.# ##......
#....# #.# ##...#. ###.## #.#
##.### #.# #.# #.# # #.# #.#
#.###


You could see a kobold brigand (combustible).


Message History

Confirm with . or Enter, or press ? or * to list all spells.
Flames lash the kobold brigand.
The kobold brigand is burned terribly!
The kobold brigand is severely wounded.
You feel sick.
* * * LOW HITPOINT WARNING * * *
Unknown command.
Unknown command.
You feel better.
* * * LOW HITPOINT WARNING * * *
Unknown command.
You feel better. The kobold brigand barely misses you.
Unknown command.
Unknown command.
You hit the kobold brigand but do no damage.
The kobold brigand is heavily wounded.
* * * LOW HITPOINT WARNING * * *
Unknown command.
You closely miss the kobold brigand.
The kobold brigand is heavily wounded.
* * * LOW HITPOINT WARNING * * *
Unknown command.
You hit the kobold brigand but do no damage.
The kobold brigand is heavily wounded.
* * * LOW HITPOINT WARNING * * *
Unknown command.
Casting: Scorch (safe; 5% risk of failure)
Confirm with . or Enter, or press ? or * to list all spells.
Flames lash the kobold brigand.
The kobold brigand is burned terribly!
The kobold brigand is almost dead.
You die...

Skill      XL: |  1  2 |
---------------+-------+-----
Conjurations   | 1 |  1.8
Spellcasting   | 2 |  2.4
Fire Magic     | 3 |  3.2
Dodging        | |  1.9
Stealth        | |  1.9
Translocations | |  0.7

Action                     || total
---------------------------++-------
  Melee: Dagger            ||    14
         Unarmed           ||     2
   Cast: Foxfire           ||    61
         Scorch            ||    19
    Use: Potion            ||     3
 Armour: Robe              ||    18
  Dodge: Dodged            ||    31

Levels and vault maps discovered:
D:1:      elethiomel_arrival_maze, layout_basic, ebering_ecumenical_altar_mist
D:2:      layout_loops_ring, basic_altar, serial_shops,
          nicolae_shop_hallway_plus
D:3:      layout_rooms, gammafunk_ghost_nasty_kobolds, dk_vineyard_2

Notes
Turn   | Place    | Note
-------+----------+-------------------------------------------
     0 | D:1      | Ruich the Demigod Fire Elementalist began the quest for the
                  | Orb.
     0 | D:1      | Reached XP level 1. HP: 14/14 MP: 5/5
    95 | D:1      | Reached skill level 1 in Conjurations
   481 | D:1      | Reached skill level 2 in Spellcasting
   481 | D:1      | Reached XP level 2. HP: 20/20 MP: 7/7
   576 | D:1      | Learned a level 2 spell: Scorch
   715 | D:1      | Reached skill level 3 in Fire Magic
  1369 | D:2      | Learned a level 2 spell: Blink
  1442 | D:2      | Reached XP level 3. HP: 26/26 MP: 5/9
  1664 | D:2      | Found Iqazebb's Distillery.
  2348 | D:3      | Found a runed translucent gate.
  2348 | D:3      | Noticed a kobold brigand
  2349 | D:3      | Found a runed translucent gate.
  2349 | D:3      | Noticed CougarLife's ghost (amateur GrEE)
  2350 | D:3      | Found a runed translucent gate.
  2363 | D:3      | Noticed a kobold brigand
  2756 | D:2      | Slain by a kobold brigand

Vanquished Creatures
  An adder (D:3)
  A ribbon worm (D:2)
  2 orcs
  6 bats
  5 endoplasms
  3 giant cockroaches (D:2)
  9 goblins
  4 hobgoblins
  2 jackals (D:1)
  2 kobolds (D:2)
  3 quokkas
  A ball python (D:1)
  3 frilled lizards
  4 rats (D:2)
46 creatures vanquished.

Vanquished Creatures (others)
  104 foxfires
104 creatures vanquished.

Grand Total: 150 creatures vanquished

Table legend: (Time is in decaauts)
 A = Elapsed time spent in this place.
 B = Non-inter-level travel time spent in this place.
 C = Inter-level travel time spent in this place.
 D = Time resting spent in this place.
 E = Time spent auto-exploring this place.
 F = Levels seen in this place.
 G = Mean time per level.
                   A        B        C        D        E       F      G
               +--------+--------+--------+--------+--------+-----+--------+
         Total |   2757 |   2700 |     57 |    785 |   1485 |   3 |  919.0 |
       Dungeon |   2757 |   2700 |     57 |    785 |   1485 |   3 |  919.0 |
               +--------+--------+--------+--------+--------+-----+--------+

Top non-repeatable levels by time:
     D:2: 1494 daAuts
     D:1: 1137 daAuts
     D:3: 124 daAuts

Table legend:
 A = Non-vault XP
 B = Vault XP
 C = Vault XP percentage of total XP
 D = Non-vault monster count
 E = Vault monster count
 F = Vault count percentage of total count
                 A         B        C        D         E       F
            +---------+---------+-------+---------+---------+-------
      Total |      91 |       0 |   0.0 |      46 |       0 |   0.0
            +---------+---------+-------+---------+---------+-------
        D:1 |      35 |       0 |   0.0 |      21 |       0 |   0.0
        D:2 |      40 |       0 |   0.0 |      23 |       0 |   0.0
        D:3 |      16 |       0 |   0.0 |       2 |       0 |   0.0
            +---------+---------+-------+---------+---------+-------
